 Dungeon Crawl Stone Soup version 0.19-a0-1065-gdac414d (webtiles) character file.

1828 Gagarin the Ducker (level 8, -7/66 HPs)
             Began as a Mottled Draconian Conjurer on Aug 3, 2016.
             Was a Follower of Sif Muna.
             Mangled by an orc warrior (16 damage)
             ... in a bailey.
             The game lasted 00:26:22 (6821 turns).

Gagarin the Ducker (Mottled Draconian Conjurer)     Turns: 6821, Time: 00:26:23

Health: -7/66      AC: 12    Str: 16    XL:     8   Next: 86%
Magic:  8/15       EV: 15    Int: 16    God:    Sif Muna [*.....]
Gold:   174        SH:  0    Dex: 13    Spells: 6 memorised, 4 levels left

rFire  . . .     SeeInvis +     O - +14 plutonium sword {*Contam Stlth-}
rCold  . . .     Gourm    .     (armour unavailable)
rNeg   . . .     Faith    .     (shield currently unavailable)
rPois  .         Spirit   .     M - +0 hat
rElec  .         Dismiss  .     z - +2 cloak
rCorr  .         Reflect  .     (no gloves)
SustAt .         Harm     .     s - +0 pair of boots
MR     .....                    (no amulet)
Stlth  +.........               E - ring of see invisible
                                k - +2 ring of protection (curse)

@: mighty
A: breathe sticky flame splash, unfitting armour, cold-blooded, AC +6
a: Breathe Sticky Flame, Divine Energy, Renounce Religion


You were in a bailey.
You worshipped Sif Muna.
Sif Muna was aware of your devotion.
You were not hungry.

You visited 2 branches of the dungeon, and saw 8 of its levels.
You also visited: Bailey.

You collected 230 gold pieces.
You spent 56 gold pieces at shops.

Inventory:

Hand Weapons
 r - a +1 falchion
 H - a +0 long sword
 O - the +14 plutonium sword (weapon) {*Contam Stlth-}
   (You found it on level 7 of the Dungeon)

   It causes magical contamination when unequipped.
   It makes you less stealthy.
 P - a +3 arbalest
Armour
 s - a +0 pair of boots (worn)
 z - a +2 cloak (worn)
 M - a +0 hat (worn)
Jewellery
 k - a cursed +2 ring of protection (left hand)
 C - a +4 ring of slaying {unknown}
 E - a ring of see invisible (right hand)
Wands
 m - a wand of confusion (7/48)
 B - a wand of lightning (8/15)
 G - a wand of acid (9/15)
 J - a wand of acid (1/15)
Scrolls
 c - 2 scrolls of noise {unknown}
 h - a scroll of blinking {unknown}
 i - a scroll of fog {unknown}
 l - a scroll of enchant armour {unknown}
 n - 5 scrolls of enchant weapon
 q - a scroll of identify
 t - a scroll of amnesia {unknown}
 u - 3 scrolls of random uselessness {unknown}
 y - 3 scrolls of remove curse
 A - a scroll of magic mapping {unknown}
 D - 3 scrolls of teleportation
Potions
 e - 2 potions of might
 f - 3 potions of lignification {unknown}
 j - a potion of haste {unknown}
 o - 3 potions of heal wounds {unknown}
 p - 4 potions of curing {unknown}
 v - a potion of ambrosia {unknown}
 w - a potion of magic {unknown}
 x - a potion of flight {unknown}
 I - a potion of degeneration {unknown}
 K - a potion of cancellation {unknown}
Books
 a - a book of Conjurations

   Spells                             Type                      Level
   a - Magic Dart                     Conjuration                  1
   b - Searing Ray                    Conjuration                  2
   c - Dazzling Spray                 Conjuration/Hexes            3
   d - Fulminant Prism                Conjuration/Hexes            4
   e - Iskenderun's Mystic Blast      Conjuration                  4
   f - Iskenderun's Battlesphere      Conjuration/Charms           5
 F - a book of Maledictions

   Spells                             Type                      Level
   a - Corona                         Hexes                        1
   b - Ensorcelled Hibernation        Hexes/Ice                    2
   c - Confuse                        Hexes                        3
   d - Tukima's Dance                 Hexes                        3
   e - Dazzling Spray                 Conjuration/Hexes            3
Comestibles
 b - 5 bread rations
 d - 4 beef jerkies
 g - 6 meat rations
 L - 2 fruits
 N - a royal jelly
 Q - 5 chunks of flesh


   Skills:
 + Level 4.1 Fighting
 + Level 3.8 Long Blades
 + Level 6.0 Dodging
 + Level 3.3 Stealth
 + Level 5.2 Spellcasting
 + Level 5.3 Conjurations
 + Level 2.2 Hexes


You had 4 spell levels left.
You knew the following spells:

 Your Spells              Type           Power        Failure   Level  Hunger
a - Magic Dart            Conj           ###.         1%          1    None
b - Searing Ray           Conj           ###...       2%          2    #......
c - Dazzling Spray        Conj/Hex       ###...       12%         3    ###....
d - Confuse               Hex            ##......     17%         3    ###....
e - Corona                Hex            ##.....      8%          1    None
f - Tukima's Dance        Hex            ##......     17%         3    ###....


Dungeon Overview and Level Annotations

Branches:
Dungeon (7/15)             Temple (1/1) D:4

Altars:
Cheibriados
Dithmenos
Elyvilon
Fedhas
Gozag
Hepliaklqana
Kikubaaqudgha
Makhleb
Nemelex Xobeh
Okawaru
Pakellas
Qazlal
Ru
Sif Muna
Trog
Uskayaw
Vehumet
Xom
Yredelemnul
Zin

Shops:
D:6 ([:%


Innate Abilities, Weirdness & Mutations

You can spit globs of burning liquid.
You can ignite nearby creatures when you spit burning liquid.
Your weird mottled scales are hard. (AC +6)
Your body does not fit into most forms of armour.
You are cold-blooded and may be slowed by cold attacks.


Message History

You tail-slap the glowing shapeshifter!
The glowing shapeshifter is moderately wounded.
Your enchanted halberd hits the orc warrior!
The orc warrior hits you from afar with a halberd!!
* * * LOW HITPOINT WARNING * * *
The glowing shapeshifter closely misses you.
You riposte.
You slash the glowing shapeshifter!
The glowing shapeshifter is heavily wounded.
The orc warrior hits you from afar with a halberd.
* * * LOW HITPOINT WARNING * * *
The glowing shapeshifter changes into a faun!
Your enchanted halberd closely misses something.
There is an open gate here.
Your enchanted halberd hits something.
The orc warrior barely misses you.
Okay, then.
You barely miss the orc warrior.
The orc warrior is moderately wounded.
The orc warrior hits you!
You die...

#......≈..^..≈.......).......≈..^
#......≈##.##≈.....((..(.....≈##.
#......≈≈#.#≈≈...(#######....≈≈#.
#.......≈≈≈≈≈..(.##....##.....≈≈≈
#............).(##.o...##........
#..............##.c#'''##........
#..............#..##o)c##..##....
#.............##o####'####.##....
#............(##@')#...#.'.##....
#............(##.###.(.###.##....
#.............##.')#!.)#)'.##....
#.............##.#########.##....
#..............#..##)#)##..#.....
#..............##..#'#'#..##.....
#...............##.......##......
#.......≈≈≈≈≈....#########....≈≈≈
#......≈≈#.#≈≈......###......≈≈#.


You could see a faun shaped shifter and 2 orc warriors.

Vanquished Creatures
  An ice beast (D:6)
  2 sky beasts
  6 orc warriors (Bailey)
  3 ogres
  2 giant frogs
  2 howler monkeys
  A jelly (D:6)
  A centaur skeleton (D:7)
  A giant frog skeleton (D:4)
  2 iguanas
  Terence (D:2)
  3 worker ants (D:6)
  A hound skeleton (D:4)
  Robin (D:3)
  A howler monkey skeleton (D:6)
  6 adders
  8 gnolls
  An adder zombie (D:5)
  An adder skeleton (D:5)
  A worm (D:4)
  A dart slug (D:4)
  3 giant geckos
  22 orcs
  A ball python (D:2)
  6 giant cockroaches
  10 goblins
  9 hobgoblins
  7 jackals (D:3)
  2 quokkas
  A ball python skeleton (D:4)
  6 bats
  3 giant newts
  8 kobolds
  2 quokka skeletons
  10 rats
136 creatures vanquished.

Vanquished Creatures (others)
  A dancing weapon (Bailey)
1 creature vanquished.

Grand Total: 137 creatures vanquished

Notes
Turn   | Place    | Note
-------+----------+-------------------------------------------
     0 | D:1      | Gagarin the Draconian Conjurer began the quest for the Orb.
     0 | D:1      | Reached XP level 1. HP: 14/14 MP: 3/3
   402 | D:1      | Reached XP level 2. HP: 20/20 MP: 0/5
   470 | D:1      | Reached skill level 2 in Dodging
   529 | D:1      | Learned a level 2 spell: Searing Ray
  1119 | D:2      | Noticed Terence
  1203 | D:2      | Killed Terence
  1203 | D:2      | Reached XP level 3. HP: 13/26 MP: 0/6
  1411 | D:2      | Found a faded altar of an unknown god.
  1675 | D:2      | Reached XP level 4. HP: 21/33 MP: 0/7
  1926 | D:2      | Found a basalt altar of Yredelemnul.
  1929 | D:2      | Found a shimmering altar of Xom.
  1933 | D:2      | Found an ancient bone altar of Kikubaaqudgha.
  1936 | D:2      | Found a burning altar of Makhleb.
  2378 | D:3      | Reached skill level 3 in Dodging
  2863 | D:3      | Reached XP level 5. HP: 37/39 MP: 9/9
  2983 | D:3      | Noticed Robin
  2989 | D:3      | Killed Robin
  2999 | D:3      | Reached skill level 5 in Conjurations
  3122 | D:4      | Noticed an ogre
  3134 | D:4      | Killed an ogre
  3134 | D:4      | Reached skill level 1 in Fighting
  3238 | D:4      | Learned a level 3 spell: Dazzling Spray
  3265 | D:4      | Reached XP level 6. HP: 47/47 MP: 4/10
  3348 | D:4      | Found a staircase to the Ecumenical Temple.
  3353 | Temple   | Entered the Ecumenical Temple
  3374 | Temple   | Became a worshipper of Sif Muna the Loreminder
  3883 | D:4      | Found a snail-covered altar of Cheibriados.
  4008 | D:4      | Reached skill level 1 in Long Blades
  4177 | D:5      | Entered Level 5 of the Dungeon
  4184 | D:5      | Learned a level 3 spell: Confuse
  4197 | D:4      | Learned a level 1 spell: Corona
  4315 | D:5      | Reached skill level 4 in Dodging
  4831 | D:6      | Found Baw Fyusm's Assorted Antiques.
  4831 | D:6      | Noticed a sky beast
  4841 | D:6      | Killed a sky beast
  4841 | D:6      | Your scales start taking on a weird mottled colour.
  4841 | D:6      | Reached XP level 7. HP: 55/55 MP: 3/12
  4929 | D:6      | Reached skill level 5 in Dodging
  5073 | D:6      | Found Tetyaray's Food Emporium.
  5090 | D:6      | Found Wuotofux's Book Shop.
  5135 | D:6      | Found Verruv's Armour Boutique.
  5151 | D:6      | Reached * piety under Sif Muna
  5152 | D:6      | Bought a +0 hat for 56 gold pieces
  5376 | D:6      | Found Hyf Gyon's Weapon Emporium.
  5513 | D:7      | Reached XP level 8. HP: 63/63 MP: 14/14
  5545 | D:7      | Found a flagged portal.
  5567 | Bailey   | Entered a bailey
  6023 | Bailey   | Reached skill level 1 in Hexes
  6228 | Bailey   | Learned a level 3 spell: Tukima's Dance
  6352 | Bailey   | Reached skill level 5 in Spellcasting
  6609 | Bailey   | Reached skill level 6 in Dodging
  6807 | Bailey   | Found a roughly hewn altar of Beogh.
  6807 | Bailey   | Noticed an orc knight
  6814 | Bailey   | Noticed a glowing shapeshifter
  6814 | Bailey   | an orc knight changed into a glowing shapeshifter
  6815 | Bailey   | Noticed a faun
  6815 | Bailey   | a glowing shapeshifter changed into a faun
  6821 | Bailey   | Mangled by an orc warrior

Vault maps used:
D:1:      dpeg_arrival_rooms_with_view
D:2:      grunt_temple_overflow_open, ecumenical_altar_1, interstate_on_off,
          uniq_terence
D:3:      uniq_robin
D:4:      first_bread, grunt_ministairs_4, kennysheep_slug_shrine
D:6:      serial_shops, shop, shop, shop, nicolae_shop_waterfront,
          nicolae_shop_behind_doors
D:7:      enter_bailey_2, uniq_menkaure
Temple:   compressed_dpeg_circular_temple
Bailey:   bailey_polearm_2, bailey

Skill      XL: |  1  2  3  4  5  6  7  8 |
---------------+-------------------------+-----
Dodging        | 2 3 4 5 6 |  6.0
Conjurations   | 5 |  5.3
Fighting       | 1 2 3 4 |  4.1
Stealth        | 2 3 |  3.3
Spellcasting   | 3 4 5 |  5.2
Long Blades    | 1 2 3 |  3.8
Hexes          | 2 |  2.2

Action                   |  1- 3 |  4- 6 |  7- 9 || total
-------------------------+-------+-------+-------++-------
Melee: Unarmed           |    47 |    35 |       ||    82
       Tailslap          |     3 |    25 |    15 ||    43
       Falchion          |       |   144 |       ||   144
       Club              |       |    27 |       ||    27
       Long sword        |       |    34 |    84 ||   118
       Triple sword      |       |       |    58 ||    58
 Cast: Magic Dart        |    62 |    49 |    13 ||   124
       Searing Ray       |     3 |     9 |     2 ||    14
       Dazzling Spray    |       |     2 |     1 ||     3
       Corona            |       |       |     4 ||     4
       Confuse           |       |       |    12 ||    12
       Tukima's Dance    |       |       |     3 ||     3
 Abil: Breathe Sticky Fl |       |       |     1 ||     1
Evoke: Wand              |       |     1 |       ||     1
  Use: Scroll            |       |     3 |     1 ||     4
       Potion            |       |       |     1 ||     1
 Stab: Sleeping          |       |     2 |     2 ||     4
  Eat: Chunk             |     3 |    12 |     9 ||    24
Armor: Skin              |     9 |    80 |    43 ||   132
Dodge: Dodged            |    40 |   168 |   132 ||   340
